 Dungeon Crawl Stone Soup version 0.21.1-1-g345015f (webtiles) character file.

63 GreamJoe the Grave Robber (level 3, -5/24 HPs)
             Began as a Demonspawn Necromancer on Feb 15, 2018.
             Killed from afar by Sigmund (10 damage)
             ... with a magic dart
             ... on level 2 of the Dungeon on Feb 18, 2018.
             The game lasted 00:15:27 (2306 turns).

GreamJoe the Grave Robber (Demonspawn Necromancer)  Turns: 2306, Time: 00:15:27

Health: -5/24      AC:  3    Str:  8    XL:     3   Next: 87%
Magic:  3/7        EV: 12    Int: 17    God:
Gold:   52         SH:  0    Dex: 13    Spells: 5/7 levels left

rFire    . . .     SeeInvis .   o - +0 mace
rCold    . . .     Gourm    .   (no shield)
rNeg     . . .     Faith    +   f - +0 robe
rPois    .         Spirit   .   (no helmet)
rElec    .         Reflect  .   (no cloak)
rCorr    .         Harm     .   (no gloves)
MR       .....                  k - +0 pair of boots
Stlth    +++.......             n - amulet of faith
HPRegen  0.08/turn              (no ring)
MPRegen  0.10/turn              (no ring)

@: no status effects
A: nightstalker 1
a: no special abilities


You were on level 2 of the Dungeon.
You were hungry.

You visited 1 branch of the dungeon, and saw 2 of its levels.

You collected 52 gold pieces.

Inventory:

Hand Weapons
 e - a +0 mace
 o - a +0 mace (weapon)
Armour
 a - a +0 robe
 f - a +0 robe (worn)
 k - a +0 pair of boots (worn)
Jewellery
 n - an amulet of faith (around neck)
Scrolls
 d - a scroll of immolation
Potions
 i - a potion of lignification {unknown}
Books
 b - a book of Necromancy

   Spells                             Type                      Level
   a - Pain                           Necromancy                   1
   b - Animate Skeleton               Necromancy                   1
   c - Vampiric Draining              Necromancy                   3
   d - Regeneration                   Charms/Necromancy            3
   e - Animate Dead                   Necromancy                   4
   f - Borgnjor's Vile Clutch         Necromancy/Earth             5
Comestibles
 c - 2 rations
 g - a chunk of flesh


   Skills:
 + Level 0.2 Maces & Flails
 + Level 1.8 Dodging
 + Level 1.8 Stealth
 + Level 2.7 Spellcasting
 + Level 5.5 Necromancy


You had 5 spell levels left.
You knew the following spells:

 Your Spells              Type           Power        Failure   Level  Hunger
a - Pain                  Necr           ###.         1%          1    #......
b - Animate Skeleton      Necr           N/A          1%          1    #......


Dungeon Overview and Level Annotations

Branches:
Dungeon (2/15)

Altars:

Annotations:
D:2 Sigmund


Innate Abilities, Weirdness & Mutations

You are slightly more attuned to the shadows.


Message History

Aim: Sigmund, wielding a scythe and wearing a robe (lightly wounded, chance to defeat MR: 86%) Sigmund barely resists.
You are feeling hungry.
Sigmund casts a spell at you. The magic dart hits you!
Casting: Pain
Confirm with . or Enter, or press ? or * to list all spells.
Aiming: Pain
Press: ? - help, Shift-Dir - straight line, f/p - Sigmund
Aim: Sigmund, wielding a scythe and wearing a robe (lightly wounded, chance to defeat MR: 86%)
The goblin writhes in agony!
You kill the goblin!
Sigmund hits you from afar with a scythe.
* * * LOW HITPOINT WARNING * * *
Sigmund closely misses you. Sigmund misses you.
An adder comes into view.
Sigmund gestures at you while chanting. The magic dart hits you!
You die...

#### ..... <.....
..... ....... ....S#
##....... ......
#........
......######.#.....%
......@..@.#.@....#
.....#####.#.)###
:...............####
###
#####............
#..###.###....
###.## #.# #.. #...#
##.# . #.##§§...#
..... #)##§#####


You could see Sigmund and an adder (sleeping).

Vanquished Creatures
  2 adders (D:2)
  2 worms (D:2)
  2 dart slugs (D:1)
  A leopard gecko (D:2)
  A giant cockroach (D:1)
  4 goblins
  5 hobgoblins
  6 kobolds (D:1)
  A quokka (D:2)
  A ball python (D:1)
  4 bats
  A frilled lizard (D:2)
  4 rats (D:1)
34 creatures vanquished.

Notes
Turn   | Place    | Note
-------+----------+-------------------------------------------
     0 | D:1      | GreamJoe the Demonspawn Necromancer began the quest for the Orb.
     0 | D:1      | Reached XP level 1. HP: 13/13 MP: 3/3
   359 | D:1      | Gained mutation: You are slightly more attuned to the shadows. [demonic ancestry]
   359 | D:1      | Reached XP level 2. HP: 19/19 MP: 3/5
   617 | D:1      | Reached skill level 5 in Necromancy
  1227 | D:1      | Learned a level 1 spell: Animate Skeleton
  1691 | D:2      | Reached XP level 3. HP: 17/24 MP: 1/6
  2288 | D:2      | Noticed Sigmund
  2306 | D:2      | Killed from afar by Sigmund

Skill      XL: |  1  2 |
---------------+-------+-----
Necromancy     | 5 |  5.5
Maces & Flails | |  0.2
Dodging        | |  1.8
Stealth        | |  1.8
Spellcasting   | |  2.7

Action                   || total
-------------------------++-------
Melee: Mace              ||    11
 Cast: Pain              ||    72
       Animate Skeleton  ||     5
  Use: Potion            ||     3
       Scroll            ||     5
  Eat: Ration            ||     1
       Chunk             ||     1
Armor: Robe              ||     3
Dodge: Dodged            ||    21
